 Dungeon Crawl Stone Soup version 0.30-a0-1160-g6e42c06551 (webtiles) character file.

Game seed: 14708100397217917863

3696 Newt the Skirmisher (level 10, -1/59 HPs)
             Began as a Kobold Hunter on Apr 25, 2023.
             Slain by a killer bee (6 damage)
             ... on level 9 of the Dungeon.
             The game lasted 00:07:53 (8189 turns).

Newt the Skirmisher (Kobold Hunter)                 Turns: 8189, Time: 00:07:54

Health: -1/59      AC:  9    Str:  9    XL:     10   Next: 35%
Magic:  18/18      EV: 21    Int: 10    God:
Gold:   191        SH:  0    Dex: 23    Spells: 17/19 levels left

rFire   + . .        a - +4 shortbow
rCold   . . .        (shield currently unavailable)
rNeg    . . .        A - +2 ring mail {rF+}
rPois   .            h - +0 helmet
rElec   .            (no cloak)
rCorr   +            e - +0 pair of gloves
SInv    .            (no boots)
Will    .....        y - amulet of magic regeneration
Stlth   +++          o - +5 ring of evasion
HPRegen 0.29/turn    s - ring of resist corrosion
MPRegen 0.56/turn

%: no passive effects
@: lethally poisoned (-1 -> -5), wereblooded (expiring)
A: small, no large weapons, nightstalker 3
a: no special abilities


You were on level 9 of the Dungeon.
You visited 2 branches of the dungeon, and saw 8 of its levels.

You collected 191 gold pieces.

Inventory:

Hand Weapons
 a - a +4 shortbow (weapon)
 q - a +0 sling
Armour
 c - a +0 leather armour
 e - a +0 pair of gloves (worn)
 h - a +0 helmet (worn)
 A - a +2 ring mail of fire resistance (worn)
Jewellery
 o - a +5 ring of evasion (left hand)
 s - a ring of resist corrosion (right hand)
 y - an amulet of magic regeneration (around neck)
 B - an amulet of faith
Wands
 w - a wand of flame (31)
Scrolls
 b - 2 scrolls of immolation
 d - 2 scrolls of amnesia
 f - a scroll of fog
 l - 4 scrolls of teleportation
 t - a scroll of magic mapping
Potions
 g - 4 potions of might
 i - a potion of ambrosia
 j - a potion of heal wounds
 k - 2 potions of haste
 m - a potion of resistance
 n - a potion of magic {unknown}
 p - a potion of invisibility {unknown}
 r - 2 potions of brilliance {unknown}
 u - 4 potions of curing {unknown}
 v - a potion of flight {unknown}
 z - a potion of mutation {unknown}


   Skills:
 - Level 5.0 Fighting
 + Level 13.9 Ranged Weapons
 - Level 6.0 Dodging
 - Level 1.3 Stealth
 - Level 5.4 Spellcasting
 - Level 5.4 Transmutations


You had 17 spell levels left.
You knew the following spells:

 Your Spells              Type           Power      Damage    Failure   Level
a - Wereblood             Tmut           13%        N/A       10%         2

Your spell library contained the following spells:

 Spells                   Type           Power      Damage    Failure   Level
 Spider Form              Tmut/Pois      8%         N/A       52%         3
 Ignite Poison            Fire/Tmut/Pois 6%         N/A       65%         3
 Ensorcelled Hibernation  Hex/Ice        4%         N/A       67%         2
 Sublimation of Blood     Necr           2%         N/A       67%         2
 Vhi's Electric Charge    Tloc/Air       4%         N/A       88%         3
 Anguish                  Hex/Necr       1%         N/A       99%         4
 Animate Armour           Summ/Erth      4%         N/A       99%         4
 Sticky Flame             Conj/Fire      2%         2d3       99%         4
 Arcjolt                  Conj/Air       1%         1d11      100%        5
 Summon Hydra             Summ           1%         N/A       100%        7
 Ignition                 Fire           1%         3d3       100%        8
 Lehudib's Crystal Spear  Conj/Erth      1%         10d2      100%        8
 Maxwell's Capacitive Co  Air            1%         ∞         100%        8


Dungeon Overview and Level Annotations

Branches:
Dungeon (9/15)             Temple (1/1) D:7
   Lair: D:8-11         Orc: D:9-12

Altars:
Ashenzari
Dithmenos
Elyvilon
Kikubaaqudgha
Makhleb
Okawaru
Qazlal
Ru
Vehumet
Yredelemnul
The Shining One


Innate Abilities, Weirdness & Mutations

You are small and have problems with some larger weapons.
You are completely attuned to the shadows.


Message History

You kill the yak!
The killer bee misses you.
You shoot an arrow.
The arrow closely misses the killer bee.
The arrow hits the yak!
The yak is moderately wounded.
The killer bee closely misses you. The killer bee misses you.
You shoot an arrow. The arrow barely misses the killer bee.
The arrow hits the yak!
The yak is heavily wounded.
The killer bee stings you!
* * * LOW HITPOINT WARNING * * *
The killer bee closely misses you.
You shoot an arrow.
The arrow closely misses the killer bee.
The arrow hits the yak!
The yak is severely wounded.
The killer bee completely misses you. The killer bee barely misses you.
You shoot an arrow. The arrow hits the killer bee!
The killer bee is heavily wounded.
The killer bee barely misses you.
You shoot an arrow. The arrow barely misses the killer bee.
The arrow hits the yak.
The yak is severely wounded.
The killer bee closely misses you. The killer bee completely misses you.
You are too injured to fight recklessly!
You shoot an arrow. The arrow hits the killer bee.
The killer bee is almost dead.
Your primal bloodlust is almost over.
The killer bee stings you but does no damage.
The killer bee stings you!
* * * LOW HITPOINT WARNING * * *
You are poisoned.
The killer bee poisons you!
You shoot an arrow.
The arrow hits the killer bee but does no damage.
The killer bee is almost dead.
* * * LOW HITPOINT WARNING * * *
You feel sick. The killer bee stings you.
You die...

#### ..#..####
....<...#
.y#######..##
yYYy@......^#
############..
....... ##
#########
.....


You could see 2 yaks and 3 killer bees.

Vanquished Creatures
  7 yaks
  A steam dragon (D:7)
  An acid dragon (D:8)
  A black bear (D:6)
  An ogre (D:6)
  3 centaurs
  A phantom (D:6)
  4 kobold brigands
  3 bullfrogs
  A gnoll sergeant (D:7)
  12 wights (D:8)
  10 killer bees
  2 hounds (D:7)
  2 orc priests (D:8)
  2 orc wizards
  A sleepcap (D:7)
  Natasha (D:2)
  4 gnolls (D:7)
  3 adders
  A shadow imp (D:6)
  An ufetubus (D:6)
  4 worms
  5 dart slugs
  11 orcs
  2 endoplasms
  3 giant cockroaches
  5 goblins
  7 hobgoblins
  3 jackals (D:1)
  16 kobolds
  2 quokkas
  4 ball pythons
  4 bats
  3 frilled lizards
  4 rats
135 creatures vanquished.

Notes
Turn   | Place    | Note
-------+----------+-------------------------------------------
     0 | D:1      | Newt the Kobold Hunter began the quest for the Orb.
     0 | D:1      | Reached XP level 1. HP: 12/12 MP: 1/1
   202 | D:1      | Reached XP level 2. HP: 18/18 MP: 2/2
   443 | D:1      | Reached XP level 3. HP: 23/23 MP: 3/3
  1148 | D:2      | Found Ugys's Weapon Shop.
  1191 | D:2      | Reached XP level 4. HP: 20/30 MP: 4/4
  1282 | D:2      | Noticed Natasha
  1289 | D:2      | Killed Natasha
  1290 | D:2      | Reached skill level 5 in Fighting
  1512 | D:2      | Reached XP level 5. HP: 35/35 MP: 5/5
  1901 | D:3      | You fall into a shaft and drop 3 floors!
  1921 | D:6      | Noticed a phantom
  1943 | D:6      | Killed a phantom
  1944 | D:6      | Reached skill level 7 in Ranged Weapons
  2296 | D:6      | Noticed an ogre
  2305 | D:6      | Killed an ogre
  2306 | D:6      | Reached XP level 6. HP: 14/40 MP: 6/6
  2308 | D:6      | Reached skill level 8 in Ranged Weapons
  2976 | D:6      | Reached XP level 7. HP: 44/44 MP: 7/7
  2993 | D:6      | Reached skill level 9 in Ranged Weapons
  3306 | D:6      | Got the Spellbook of the Lithosphere and Geometries
  3504 | D:6      | Found an iron altar of Okawaru.
  4354 | D:7      | Found a sacrificial altar of Ru.
  4369 | D:7      | Reached skill level 5 in Dodging
  4414 | D:7      | Reached XP level 8. HP: 45/49 MP: 8/8
  4517 | D:7      | Noticed a yak
  4519 | D:7      | Noticed a yak
  4543 | D:8      | Killed a yak
  4544 | D:8      | Reached skill level 1 in Spellcasting
  4544 | D:8      | Reached skill level 1 in Transmutations
  4665 | D:8      | Learned a level 2 spell: Wereblood
  4704 | D:8      | HP: 1/44 [wight/+5 morningstar (6)]
  4962 | D:7      | Noticed a yak
  4972 | D:7      | Killed a yak
  4991 | D:7      | Killed a yak
  4992 | D:7      | Reached XP level 9. HP: 14/54 MP: 13/15
  5451 | D:7      | Found a staircase to the Ecumenical Temple.
  5457 | Temple   | Entered the Ecumenical Temple
  5695 | D:7      | Found an ancient bone altar of Kikubaaqudgha.
  5747 | D:7      | Reached skill level 5 in Spellcasting
  5747 | D:7      | Reached skill level 5 in Transmutations
  6554 | D:8      | Reached skill level 10 in Ranged Weapons
  6913 | D:8      | Reached skill level 11 in Ranged Weapons
  7425 | D:8      | Reached XP level 10. HP: 30/59 MP: 18/18
  7429 | D:8      | Reached skill level 12 in Ranged Weapons
  7790 | D:8      | Found a large runed translucent door.
  7791 | D:8      | Found a large runed translucent door.
  8078 | D:8      | Found a shadowy altar of Dithmenos.
  8101 | D:8      | Found a stormy altar of Qazlal.
  8160 | D:9      | Reached skill level 13 in Ranged Weapons
  8189 | D:9      | Slain by a killer bee

Illustrated notes

Levels and vault maps discovered:
D:1:      wander_arrival_lonely_grave, layout_basic
D:2:      layout_loops_ring, serial_shops, nicolae_shop_stone, uniq_natasha
D:3:      kennysheep_six_static_rooms, layout_loops_ring,
          beargit_hepliaklqana_dungeon_heroes, cheibriados_altar_1,
          shapermc_ecumenical_altar_mp_urbaneastern
D:6:      layout_loops_ring, okawaru_trees_2
D:7:      layout_gridville, mainiacjoe_overflow_brackets,
          nicolae_ru_great_annihilating_truth, minmay_temple_entry_overgrown
D:8:      layout_layer_cave, jmf_multi_god_temple2
D:9:      layout_cave_pools, grunt_temple_overflow_order_and_chaos_1,
          fedhas_altar_4, dpeg_oklobed_lair, serial_co_window_serial,
          co_window_of_opportunity_a, co_window_corner_a, co_window_paths_a,
          co_window_paths_a, co_window_corner_a, co_window_2corner,
          co_window_unsneaky_path_a, co_window_paths_c, co_window_paths_c,
          co_window_2corner, co_window_4corner_b, co_window_paths_d,
          glass_columns_a, glass_columns_b, glass_columns_c, serial_shops, shop
Temple:   hellmonk_temple_flake

Skill      XL: |  1  2  3  4  5  6  7  8  9 10 |
---------------+-------------------------------+-----
Fighting       | 3 4 5 |  5.0
Ranged Weapons | 7 8 9 11 13 | 13.9
Dodging        | 5 6 |  6.0
Spellcasting   | 4 5 |  5.4
Transmutations | 4 5 |  5.4
Stealth        | |  1.3

Action                     |  1- 3 |  4- 6 |  7- 9 | 10-12 || total
---------------------------+-------+-------+-------+-------++-------
   Fire: Shortbow          |    73 |   101 |   305 |    65 ||   544
   Cast: Wereblood         |       |       |     8 |     3 ||    11
    Use: Potion            |       |     1 |     3 |       ||     4
         Scroll            |       |     9 |     5 |     3 ||    17
 Armour: Leather armour    |    11 |    12 |    26 |       ||    49
         Ring mail         |       |       |    23 |     5 ||    28
  Dodge: Dodged            |    28 |    42 |   303 |    57 ||   430

Table legend: (Time is in decaauts)
 A = Elapsed time spent in this place.
 B = Non-inter-level travel time spent in this place.
 C = Inter-level travel time spent in this place.
 D = Time resting spent in this place.
 E = Time spent auto-exploring this place.
 F = Levels seen in this place.
 G = Mean time per level.
                   A        B        C        D        E       F      G
               +--------+--------+--------+--------+--------+-----+--------+
         Total |   8240 |   8059 |    181 |   2766 |   4322 |   8 | 1030.0 |
       Dungeon |   8084 |   7913 |    171 |   2766 |   4183 |   7 | 1154.9 |
        Temple |    155 |    146 |      9 |      0 |    139 |   1 |  155.0 |
               +--------+--------+--------+--------+--------+-----+--------+

Top non-repeatable levels by time:
     D:8: 2677 daAuts
     D:6: 2074 daAuts
     D:7: 1342 daAuts
     D:2: 869 daAuts
     D:1: 841 daAuts
     D:3: 226 daAuts
  Temple: 155 daAuts
     D:9: 53 daAuts
